 Dungeon Crawl Stone Soup version 0.30-a0-728-gc68057be0a (webtiles) character file.

Game seed: 6003511650929999955

21 Laraso the Cudgeller (level 2, 0/39 HPs)
             Began as an Armataur Berserker on Feb 1, 2023.
             Was a Follower of Trog.
             Slain by Sigmund
             ... wielding a +0 scythe
              (5 damage)
             ... on level 2 of the Dungeon.
             The game lasted 00:01:14 (741 turns).

Laraso the Cudgeller (Armataur Berserker)            Turns: 741, Time: 00:01:14

Health: 0/39       AC:  4    Str: 22    XL:     2   Next: 65%
Magic:  2/2        EV:  9    Int:  7    God:    Trog [*.....]
Gold:   61         SH:  0    Dex:  9    Spells: 1/1 levels left

rFire   . . .      SeeInvis .    a - +0 mace
rCold   . . .      Faith    .    (no shield)
rNeg    . . .      Spirit   .    b - +0 animal skin
rPois   .          Reflect  .    (no helmet)
rElec   .          Harm     .    (no cloak)
rCorr   .          Roll     +    (no gloves)
Will    .....                    (no barding) Stlth
                                 d - amulet of the acrobat
HPRegen 0.26/turn                (no ring)
MPRegen 0.08/turn                (no ring)

@: berserking, very quick
A: large, rugged brown scales 3, deformed body, armoured tail, roll, long
tongue, awkward tongue
a: Renounce Religion, Berserk


You were on level 2 of the Dungeon.
You worshipped Trog.
Trog was aware of your devotion.
You visited 1 branch of the dungeon, and saw 2 of its levels.

You collected 61 gold pieces.

Inventory:

Hand Weapons
 a - a +0 mace (weapon)
Armour
 b - a +0 animal skin (worn)
Jewellery
 d - an amulet of the acrobat (around neck)
Potions
 c - a potion of degeneration {unknown}
 e - a potion of berserk rage {unknown}


   Skills:
 - Level 2.6 Fighting
 * Level 3.6 Maces & Flails
 - Level 2.4 Armour
 - Level 1.3 Dodging


You had one spell level left.
You didn't know any spells.
Your spell library was empty.

Dungeon Overview and Level Annotations

Branches:
Dungeon (2/15)

Altars:
The Shining One

Shops:
D:1 (

Annotations:
D:2 Sigmund


Innate Abilities, Weirdness & Mutations

You are completely covered in rugged brown scales. (AC +3, +7% HP)
Armour fits poorly on your strangely shaped body.
You have a long armoured tail.
You roll when moving toward enemies. (Rampage)
Your long tongue fully drains potion bottles. (2x potion effects)
Your tongue gives you trouble enunciating. (1.5x scroll delay)


Message History

Found a glowing golden altar of the Shining One.
Found 2 stones and a leather armour.
e - a grey potion As you open the door, it creaks loudly!
There is an open door here.
A giant cockroach comes into view.
A giant cockroach is nearby!
You closely miss the giant cockroach. You tail-slap the giant cockroach.
You kill the giant cockroach!
Trog accepts your kill.
No target in view!
Found a club.
Sigmund the Dreaded comes into view.
He is wielding a +0 scythe.
Found a tiny cabochon amulet.
Sigmund shouts!
Sigmund mumbles some strange words.
Sigmund flickers and vanishes!
Deactivating autopickup; reactivate with Ctrl-A.
You see here 4 gold pieces.
There is a strange disturbance nearby!
There is a strange disturbance nearby!
There is a strange disturbance nearby!
You now have 61 gold pieces (gained 4).
No target in view!
No target in view!
A magic dart appears from out of thin air!
The magic dart hits you. Something closely misses you.
You closely miss something.
Your tail-slap misses something.
Something hits you.
You closely miss something.
Your tail-slap misses something.
You hear some strange, mumbled words.
A magic dart appears from out of thin air!
The magic dart hits you!
You completely miss something. Something hits you.
You hit something. Something hits you!
* * * LOW HITPOINT WARNING * * *
A red film seems to cover your vision as you go berserk!
You feel yourself moving faster!
You feel mighty! Something hits you.
You die...

....... .......
.......##
"..?....#
.......)#
........#
......{.# #@# #.#
#.# #.#
.#########.#
........##.#
........##.#
.............##.#
.............##.#


There were no monsters in sight!

Vanquished Creatures
  2 bats (D:1)
  An endoplasm (D:1)
  A giant cockroach (D:2)
  3 goblins (D:1)
  2 hobgoblins (D:1)
  3 quokkas (D:1)
  A ball python (D:1)
  5 frilled lizards (D:1)
  2 kobolds (D:1)
20 creatures vanquished.

Notes
Turn   | Place    | Note
-------+----------+-------------------------------------------
     0 | D:1      | Laraso the Armataur Berserker began the quest for the Orb.
     0 | D:1      | Reached XP level 1. HP: 19/19 MP: 1/1
   111 | D:1      | Reached skill level 3 in Maces & Flails
   220 | D:1      | Reached XP level 2. HP: 26/26 MP: 2/2
   401 | D:1      | Found Ezaebowko's Weapon Emporium.
   674 | D:2      | Found a glowing golden altar of the Shining One.
   727 | D:2      | Noticed Sigmund
   741 | D:2      | Slain by Sigmund

Illustrated notes

Levels and vault maps discovered:
D:1:      saegor_arrival_simple_b, layout_basic, serial_shops,
          nicolae_shop_stone
D:2:      layout_basic, basic_altar, uniq_sigmund, uniq_crazy_yiuf_cottage

Skill      XL: |  1 |
---------------+----+-----
Maces & Flails | 3 |  3.6
Fighting       | |  2.6
Armour         | |  2.4
Dodging        | |  1.3

Action                     || total
---------------------------++-------
  Melee: Mace              ||    64
         Tailslap          ||     6
 Invoke: Berserk           ||     1
 Armour: Animal skin       ||    26
  Dodge: Dodged            ||    30

Table legend: (Time is in decaauts)
 A = Elapsed time spent in this place.
 B = Non-inter-level travel time spent in this place.
 C = Inter-level travel time spent in this place.
 D = Time resting spent in this place.
 E = Time spent auto-exploring this place.
 F = Levels seen in this place.
 G = Mean time per level.
                   A        B        C        D        E       F      G
               +--------+--------+--------+--------+--------+-----+--------+
         Total |    756 |    742 |     14 |     50 |    523 |   2 |  378.0 |
       Dungeon |    756 |    742 |     14 |     50 |    523 |   2 |  378.0 |
               +--------+--------+--------+--------+--------+-----+--------+

Top non-repeatable levels by time:
     D:1: 656 daAuts
     D:2: 99 daAuts
